 Dungeon Sprint DCSS version 0.29.1-2-gbd0b4ee654 (webtiles) character file.

Game seed: 17534324309073148568

43 Groucho the Covert (level 3, -9/25 HPs)
             Began as a Felid Berserker on Nov 21, 2022.
             Was a Priest of Trog.
             Mangled by an ice beast (11 damage)
             ... in the Dungeon (Sprint IX: "|||||||||||||||||||||||||||||").
             The game lasted 00:00:28 (320 turns).

Groucho the Covert (Felid Berserker)                 Turns: 320, Time: 00:00:29

Health: -9/25      AC: -3    Str: 15    XL:     3   Next: 37%
Magic:  4/4        EV: 18    Int:  8    God:    Trog [***...]
Gold:   0          SH:  0    Dex: 15    Spells: 2/2 levels left
                                        Lives:  0   Deaths: 0

rFire   . . .      SeeInvis +     - Unarmed
rCold   . . .      Faith    .   (shield unavailable)
rNeg    . . .      Spirit   .   (body armour unavailable)
rPois   .          Reflect  .   (helmet unavailable)
rElec   .          Harm     .   (cloak unavailable)
rCorr   .          Rampage  .   (gloves unavailable)
Will    ++...      NoTele   +   (boots unavailable)
Stlth   ..........              (no amulet)
HPRegen 1.08/turn               (no ring)
MPRegen 0.09/turn               (no ring)

@: berserking, strong-willed, corroded, regenerating, very quick
A: very small, claws 1, fangs 3, see invisible, speed 1, shaggy fur 1, stealthy
paws, no weapons or thrown items, no armour, multi-lived
a: Renounce Religion, Berserk, Trog's Hand


You were in the Dungeon.
You worshipped Trog.
Trog was most pleased with you.
You visited 1 branch

Inventory:

Scrolls
 f - a scroll of blinking
Potions
 b - a potion of heal wounds
 c - a potion of haste
 d - 2 potions of magic
 e - a potion of berserk rage


   Skills:
 - Level 3.0 Fighting
 - Level 4.0 Dodging
 + Level 9.6 Stealth
 - Level 3.0 Unarmed Combat


You had 2 spell levels left.
You didn't know any spells.
Your spell library was empty.

Dungeon Overview and Level Annotations

Branches:
Dungeon (1/1)

Altars:


Innate Abilities, Weirdness & Mutations

You have sharp claws.
You have razor-sharp teeth.
You have supernaturally acute eyesight. (SInv)
You cover ground quickly. (Speed+)
You are covered in fur. (AC +1)
Your paws help you pounce on unaware monsters.
You are incapable of wielding weapons or throwing items.
You cannot wear armour.
You gain extra lives every three experience levels.


Message History

Trog accepts your kill.
The hound barks!
Your Stealth skill gained 2 levels and is now at level 6!
You have reached level 2!
The orc shouts!
The orc closely misses you.
Your skin crawls.
You feel strong-willed.
A red film seems to cover your vision as you go berserk!
You feel yourself moving faster!
You feel mighty! The orc misses you.
You scratch the orc. Your claw misses the orc.
The orc is severely wounded.
The orc hits you with a +0 dagger.
You barely miss the orc.
The orc is severely wounded.
The hound pauses to sniff the ground.
You scratch the orc.
You feel the power of Trog in you as your rage grows.
You kill the orc!
Trog accepts your kill.
You claw the jelly! The acid corrodes you!
Your paws burn!
The jelly is heavily wounded.
The jelly hits you.
You are splashed with acid!
You scratch the jelly.
Your paws burn!
* * * LOW HITPOINT WARNING * * *
The jelly is severely wounded.
You claw the jelly!
You kill the jelly!
Trog accepts your kill.
Your Stealth skill gained 3 levels and is now at level 9!
You have reached level 3!
Your experience leads to an increase in your attributes!
Increase (S)trength, (I)ntelligence, or (D)exterity?
You feel stronger. x2
You claw the ice beast!
The ice beast is moderately wounded.
The ice beast hits you.
* * * LOW HITPOINT WARNING * * *
The ice beast freezes you!
You die...

▓.▓
▓'▓
▓.▓
▓)▓
▓.▓
▓.▓
▓.▓
▓'▓
▓@▓
▓Y▓
▓h▓
▓.▓
▓.▓
▓+▓


You could see an ice beast and a hound.

Vanquished Creatures
  A jelly (D)
  A white imp (D)
  An orc (D)
  A kobold (D)
  A frilled lizard (D)
  3 rats (D)
8 creatures vanquished.

Notes
Turn   | Place    | Note
-------+----------+-------------------------------------------
     0 | D        | Groucho the Felid Berserker began the quest for the Orb.
     0 | D        | Reached XP level 1. HP: 10/10 MP: 2/2
     5 | D        | Reached skill level 2 in Stealth
    11 | D        | Reached ** piety under Trog
    12 | D        | Reached skill level 3 in Stealth
    13 | D        | Reached skill level 4 in Stealth
   308 | D        | Noticed a jelly
   308 | D        | Noticed an ice beast
   308 | D        | Noticed a hound
   311 | D        | Reached skill level 6 in Stealth
   311 | D        | Reached XP level 2. HP: 14/14 MP: 3/3
   319 | D        | Reached *** piety under Trog
   320 | D        | Reached skill level 9 in Stealth
   320 | D        | Reached XP level 3. HP: 7/17 MP: 4/4
   320 | D        | Mangled by an ice beast

Illustrated notes

Levels and vault maps discovered:
D:        linesprint [early_d, line_temple, items_1, d_10, items_2, lair_1,
          lair_end, items_3, orc_1, orc_end, items_4, d_15, swamp_1, shoals_1,
          snake_1, spider_1, d_20, vaults_1, items_5, swamp_end, shoals_end,
          snake_end, spider_end, vaults_end, d_27, items_6, zot_1, zot_end,
          crypt_end, forest_end, elf_end, slime_end, tomb_end, abyss_end,
          pan_hell_end]

Skill      XL: |  1  2 |
---------------+-------+-----
Stealth        | 6 9 |  9.6
Fighting       | |  3.0
Dodging        | |  4.0
Unarmed Combat | |  3.0

Action                   || total
-------------------------++-------
Melee: Unarmed           ||    23
       Punch             ||     1
Invok: Berserk           ||     1
       Trog's Hand       ||     1
  Use: Potion            ||     1
 Stab: Sleeping          ||     1
Armor: Skin              ||     1
Dodge: Dodged            ||     7
